[ PARTIDA AOE2 · #470532686 ]
UnrankedBritanos vs Khmer
[ ANÁLISIS DE REPETICIÓN · EXTRAÍDO DE LA PARTIDA GRABADA ]
Feudal
—
Castillos
—
Imperial
—
| APM promedio | 32.3 |
| APM pico | 39 |
| eAPM promedio | 16.2 |
| Aldeanos / militares | 14 / 0 |
Foco
⚔️ 2.9% · 🌾 97.1%
Feudal
—
Castillos
—
Imperial
—
| APM promedio | 19.6 |
| APM pico | 28 |
| eAPM promedio | 12.2 |
| Aldeanos / militares | 27 / 0 |
Foco
⚔️ 12.5% · 🌾 87.5%
Feudal
—
Castillos
—
Imperial
—
| APM promedio | 35.9 |
| APM pico | 50 |
| eAPM promedio | 13.5 |
| Aldeanos / militares | 19 / 0 |
Foco
⚔️ 3.8% · 🌾 96.2%
Feudal
—
Castillos
—
Imperial
—
| APM promedio | 10.6 |
| APM pico | 19 |
| eAPM promedio | 8.1 |
| Aldeanos / militares | 11 / 0 |
Foco
⚔️ 8.5% · 🌾 91.5%
Feudal
—
Castillos
—
Imperial
—
| APM promedio | 48.9 |
| APM pico | 64 |
| eAPM promedio | 26.3 |
| Aldeanos / militares | 28 / 0 |
Foco
⚔️ 11.9% · 🌾 88.1%
Feudal
—
Castillos
—
Imperial
—
| APM promedio | 35.9 |
| APM pico | 42 |
| eAPM promedio | 11.7 |
| Aldeanos / militares | 18 / 0 |
Foco
⚔️ 5.6% · 🌾 94.4%
Feudal
—
Castillos
—
Imperial
—
| APM promedio | 19.2 |
| APM pico | 24 |
| eAPM promedio | 12.8 |
| Aldeanos / militares | 24 / 0 |
Foco
⚔️ 8.2% · 🌾 91.8%
Feudal
—
Castillos
—
Imperial
—
| APM promedio | 29.9 |
| APM pico | 53 |
| eAPM promedio | 9.1 |
| Aldeanos / militares | 26 / 0 |
Foco
⚔️ 2.1% · 🌾 97.9%
Mapa de la partida
Recursos iniciales + cada clic de construcción. Líneas = muros · curvas = relieve. ◆ oro · ⬟ piedra · ● bayas · ✦ reliquia · ◌ hueco del cierre
Tu base
Base de 哪吒
Base de 阿狗
Base de vmoreno1410
Base de Thayer2k22
Base de Cheong1206
Base de strongtech08
Base de sun5ming
Terreno inicial suavizado · ◌ = hueco del cierre detectado · pasá el cursor para detalles
Inputs por minuto
— MochaFeline - - 哪吒
Build order — MochaFeline
22 acciones detectadas en el replay
| 0:18 | Construir | Lumber Camp |
| 0:20 | Crear | Villager (Male) |
| 0:23 | Crear | Villager (Male) |
| 0:48 | Construir | House |
| 0:51 | Investigar | Loom |
| 1:10 | Construir | House |
| 1:23 | Crear | Villager (Male) |
| 1:48 | Construir | Palisade Wall |
| 1:52 | Crear | Villager (Male) |
| 2:09 | Crear | Villager (Male) |
| 2:10 | Crear | Villager (Male) |
| 2:22 | Crear | Villager (Male) |
| 3:13 | Crear | Villager (Male) |
| 4:03 | Crear | Villager (Male) |
| 4:10 | Construir | House |
| 4:13 | Crear | Villager (Male) |
| 4:19 | Construir | Mill |
| 4:27 | Crear | Villager (Male) |
| 4:38 | Construir | Palisade Gate |
| 4:52 | Crear | Villager (Male) |
| 5:00 | Crear | Villager (Male) |
| 5:33 | Crear | Villager (Male) |
Build order — 哪吒
31 acciones detectadas en el replay
| 0:06 | Crear | Villager (Male) |
| 0:06 | Crear | Villager (Male) |
| 0:06 | Crear | Villager (Male) |
| 0:16 | Construir | Mill |
| 0:47 | Crear | Villager (Male) |
| 1:26 | Construir | House |
| 1:45 | Crear | Villager (Male) |
| 1:46 | Crear | Villager (Male) |
| 1:46 | Crear | Villager (Male) |
| 1:46 | Crear | Villager (Male) |
| 2:15 | Crear | Villager (Male) |
| 2:37 | Crear | Villager (Male) |
| 2:42 | Crear | Villager (Male) |
| 3:24 | Crear | Villager (Male) |
| 3:25 | Crear | Villager (Male) |
| 3:25 | Crear | Villager (Male) |
| 3:39 | Construir | House |
| 3:44 | Crear | Villager (Male) |
| 4:05 | Crear | Villager (Male) |
| 4:05 | Crear | Villager (Male) |
| 4:05 | Crear | Villager (Male) |
| 4:16 | Crear | Villager (Male) |
| 4:38 | Construir | Lumber Camp |
| 4:41 | Crear | Villager (Male) |
| 4:41 | Crear | Villager (Male) |
| 4:53 | Crear | Villager (Male) |
| 4:54 | Crear | Villager (Male) |
| 5:11 | Crear | Villager (Male) |
| 5:11 | Crear | Villager (Male) |
| 5:11 | Crear | Villager (Male) |
| 5:42 | Crear | Villager (Male) |
Build order — 阿狗
26 acciones detectadas en el replay
| 0:02 | Investigar | Loom |
| 0:13 | Construir | Mill |
| 0:18 | Construir | House |
| 0:19 | Construir | House |
| 0:24 | Crear | Villager (Male) |
| 0:25 | Crear | Villager (Male) |
| 0:46 | Crear | Villager (Male) |
| 1:17 | Crear | Villager (Male) |
| 1:35 | Crear | Villager (Male) |
| 1:54 | Crear | Villager (Male) |
| 2:12 | Crear | Villager (Male) |
| 2:42 | Crear | Villager (Male) |
| 2:42 | Crear | Villager (Male) |
| 2:50 | Crear | Villager (Male) |
| 3:17 | Crear | Villager (Male) |
| 3:17 | Crear | Villager (Male) |
| 3:37 | Construir | Palisade Wall |
| 3:39 | Crear | Villager (Male) |
| 3:40 | Crear | Villager (Male) |
| 3:55 | Construir | Lumber Camp |
| 4:26 | Crear | Villager (Male) |
| 4:26 | Crear | Villager (Male) |
| 4:26 | Crear | Villager (Male) |
| 4:37 | Crear | Villager (Male) |
| 4:54 | Crear | Villager (Male) |
| 5:39 | Construir | Palisade Wall |
Build order — vmoreno1410
19 acciones detectadas en el replay
| 0:11 | Construir | House |
| 0:11 | Construir | House |
| 0:12 | Construir | House |
| 0:12 | Construir | House |
| 0:12 | Construir | House |
| 0:13 | Construir | House |
| 0:54 | Crear | Villager (Male) |
| 0:54 | Crear | Villager (Male) |
| 0:54 | Investigar | Loom |
| 2:12 | Crear | Villager (Male) |
| 2:12 | Crear | Villager (Male) |
| 3:30 | Crear | Villager (Male) |
| 3:31 | Crear | Villager (Male) |
| 3:32 | Crear | Villager (Male) |
| 3:32 | Crear | Villager (Male) |
| 3:54 | Construir | House |
| 4:42 | Crear | Villager (Male) |
| 4:42 | Crear | Villager (Male) |
| 4:42 | Crear | Villager (Male) |
Build order — Thayer2k22
35 acciones detectadas en el replay
| 0:02 | Crear | Villager (Male) |
| 0:02 | Crear | Villager (Male) |
| 0:02 | Crear | Villager (Male) |
| 0:02 | Crear | Villager (Male) |
| 0:36 | Construir | Lumber Camp |
| 0:46 | Crear | Villager (Male) |
| 0:47 | Crear | Villager (Male) |
| 0:47 | Crear | Villager (Male) |
| 0:47 | Crear | Villager (Male) |
| 0:47 | Crear | Villager (Male) |
| 0:58 | Construir | House |
| 1:12 | Crear | Villager (Male) |
| 1:12 | Crear | Villager (Male) |
| 1:30 | Crear | Villager (Male) |
| 1:30 | Crear | Villager (Male) |
| 1:31 | Crear | Villager (Male) |
| 1:31 | Crear | Villager (Male) |
| 2:01 | Crear | Villager (Male) |
| 2:01 | Crear | Villager (Male) |
| 2:01 | Crear | Villager (Male) |
| 2:02 | Crear | Villager (Male) |
| 2:15 | Crear | Villager (Male) |
| 2:15 | Crear | Villager (Male) |
| 2:15 | Crear | Villager (Male) |
| 2:15 | Crear | Villager (Male) |
| 2:54 | Crear | Villager (Male) |
| 3:12 | Crear | Villager (Male) |
| 3:12 | Crear | Villager (Male) |
| 3:12 | Crear | Villager (Male) |
| 3:21 | Construir | Mill |
| 3:31 | Construir | Mill |
| 4:17 | Crear | Villager (Male) |
| 4:43 | Investigar | Feudal Age |
| 4:44 | Investigar | Feudal Age |
| 5:10 | Construir | House |
Build order — Cheong1206
24 acciones detectadas en el replay
| 0:06 | Construir | House |
| 0:14 | Crear | Villager (Male) |
| 0:15 | Crear | Villager (Male) |
| 0:18 | Construir | House |
| 0:47 | Crear | Villager (Male) |
| 0:47 | Crear | Villager (Male) |
| 1:04 | Construir | Lumber Camp |
| 1:36 | Crear | Villager (Male) |
| 2:01 | Crear | Villager (Male) |
| 2:01 | Crear | Villager (Male) |
| 2:26 | Crear | Villager (Male) |
| 2:26 | Crear | Villager (Male) |
| 2:41 | Construir | Mill |
| 3:00 | Crear | Villager (Male) |
| 3:00 | Crear | Villager (Male) |
| 3:48 | Crear | Villager (Male) |
| 3:48 | Crear | Villager (Male) |
| 3:49 | Crear | Villager (Male) |
| 4:50 | Crear | Villager (Male) |
| 4:50 | Crear | Villager (Male) |
| 4:50 | Crear | Villager (Male) |
| 5:22 | Crear | Villager (Male) |
| 5:29 | Construir | Mining Camp |
| 5:56 | Construir | House |
Build order — strongtech08
30 acciones detectadas en el replay
| 0:05 | Construir | House |
| 0:08 | Crear | Villager (Male) |
| 0:09 | Crear | Villager (Male) |
| 0:09 | Crear | Villager (Male) |
| 0:16 | Construir | Mill |
| 1:04 | Crear | Villager (Male) |
| 1:04 | Crear | Villager (Male) |
| 1:47 | Crear | Villager (Male) |
| 1:47 | Crear | Villager (Male) |
| 1:47 | Crear | Villager (Male) |
| 2:15 | Crear | Villager (Male) |
| 2:16 | Crear | Villager (Male) |
| 2:22 | Construir | House |
| 2:40 | Crear | Villager (Male) |
| 2:41 | Crear | Villager (Male) |
| 2:48 | Crear | Villager (Male) |
| 2:48 | Crear | Villager (Male) |
| 3:19 | Crear | Villager (Male) |
| 3:19 | Crear | Villager (Male) |
| 3:42 | Crear | Villager (Male) |
| 3:42 | Crear | Villager (Male) |
| 3:42 | Crear | Villager (Male) |
| 4:00 | Construir | Lumber Camp |
| 4:27 | Crear | Villager (Male) |
| 4:27 | Crear | Villager (Male) |
| 5:02 | Investigar | Loom |
| 5:02 | Crear | Villager (Male) |
| 5:02 | Crear | Villager (Male) |
| 5:02 | Crear | Villager (Male) |
| 5:06 | Construir | House |
Build order — sun5ming
34 acciones detectadas en el replay
| 0:01 | Crear | Villager (Male) |
| 0:02 | Crear | Villager (Male) |
| 0:02 | Crear | Villager (Male) |
| 0:08 | Construir | House |
| 0:10 | Construir | House |
| 0:11 | Construir | House |
| 0:49 | Crear | Villager (Male) |
| 0:50 | Crear | Villager (Male) |
| 1:06 | Construir | Mill |
| 1:31 | Investigar | Loom |
| 1:32 | Investigar | Loom |
| 1:33 | Crear | Villager (Male) |
| 1:59 | Construir | Palisade Wall |
| 2:03 | Crear | Villager (Male) |
| 2:19 | Crear | Villager (Male) |
| 2:20 | Crear | Villager (Male) |
| 2:23 | Crear | Villager (Male) |
| 2:23 | Crear | Villager (Male) |
| 2:47 | Crear | Villager (Male) |
| 3:25 | Crear | Villager (Male) |
| 3:25 | Crear | Villager (Male) |
| 3:26 | Crear | Villager (Male) |
| 3:49 | Construir | Lumber Camp |
| 3:50 | Crear | Villager (Male) |
| 3:50 | Crear | Villager (Male) |
| 4:14 | Crear | Villager (Male) |
| 4:14 | Crear | Villager (Male) |
| 4:50 | Crear | Villager (Male) |
| 4:51 | Crear | Villager (Male) |
| 4:51 | Crear | Villager (Male) |
| 5:28 | Crear | Villager (Male) |
| 5:29 | Crear | Villager (Male) |
| 5:29 | Crear | Villager (Male) |
| 5:30 | Crear | Villager (Male) |
Cronología de la partida
| 1:48 | MochaFeline · wall_segment Palisade Wall x8 |
| 1:59 | sun5ming · wall_segment Palisade Wall x28 |
| 3:37 | 阿狗 · wall_segment Palisade Wall x7 |
| 5:39 | 阿狗 · wall_segment Palisade Wall x7 |
| 5:52 | vmoreno1410 · resign |
[ ANÁLISIS IA · 1 CRÉDITO ]
¿Qué pasó realmente en esta partida?
Wolo.gg analiza cada decisión: build order, eco, micro, errores típicos por bracket. Análisis personalizado por WhatsApp o Discord en 30 segundos.
Guía civ
Britanos
Perfil
Jugador #3964599